 Dungeon Crawl Stone Soup version 0.26.1-2-gb8aa6d0cf2 (webtiles) character file.

Game seed: 5828609007635845190

18309 H0rd4k the Slicer (level 12, -7/94 HPs)
             Began as a Human Artificer on Mar 19, 2021.
             Was an Initiate of Gozag.
             Splashed by an oklob plant's acid (13 damage)
             ... on level 3 of the Lair of Beasts.
             The game lasted 00:31:46 (21766 turns).

H0rd4k the Slicer (Human Artificer)                Turns: 21766, Time: 00:31:48

Health: -7/94      AC:  6    Str: 21    XL:     12   Next: 93%
Magic:  12/12      EV: 14    Int: 23    God:    Gozag
Gold:   680        SH:  0    Dex: 17    Spells: 11/11 levels left

rFire    . . .     SeeInvis .   h - +12 mace of the Several Invaders {drain, rC- Will+ Int+3}
rCold    x . .     Faith    .   (no shield)
rNeg     + . .     Spirit   .   Q - +6 scale mail of Beyond {rN+ Will+ Dex+3 Stlth-}
rPois    .         Reflect  .   R - +0 helmet
rElec    .         Harm     .   (no cloak)
rCorr    .         Rampage  .   (no gloves)
Will     ++...                  v - +1 pair of boots
Stlth    ++........             T - amulet of the acrobat
HPRegen  0.25/turn              J - +6 ring of intelligence
MPRegen  0.13/turn              U - +6 ring of strength

@: corroded, studying Crossbows, invisible
A: no striking features
a: Renounce Religion, Potion Petition, Call Merchant, Bribe Branch


You were on level 3 of the Lair of Beasts.
You worshipped Gozag.
Gozag was pleased with you.
You visited 3 branches of the dungeon, and saw 15 of its levels.

You collected 2189 gold pieces.
You spent 779 gold pieces at shops.
You paid 730 gold pieces to Gozag.

Inventory:

Hand Weapons
 c - a +5 great sword of holy wrath
 h - the +12 mace of the Several Invaders (weapon) {drain, rC- Will+ Int+3}
   (You found it on level 5 of the Dungeon)

   A truly terrible weapon, it drains the life of those it strikes.
   It affects your intelligence (+3).
   It makes you vulnerable to cold.
   It affects your willpower, your defense against some magical effects.
 C - a +1 short sword of venom
 E - the +2 mace of Pidghanog {chaos, Stlth+}
   (You found it on level 5 of the Dungeon)

   Each time it hits an enemy it has a different, random effect.
   It makes you more stealthy.
Missiles
 L - 67 poisoned darts
Armour
 v - a +1 pair of boots (worn)
 z - the +0 robe of Compassion {*Drain Dex-4 SInv Stlth+}
   (You found it on level 4 of the Dungeon)

   It affects your dexterity (-4).
   It lets you see invisible.
   It causes draining when unequipped.
   It makes you more stealthy.
 Q - the +6 scale mail of Beyond (worn) {rN+ Will+ Dex+3 Stlth-}
   (You found it on level 9 of the Dungeon)

   It affects your dexterity (+3).
   It protects you from negative energy.
   It affects your willpower, your defense against some magical effects.
   It makes you less stealthy.
 R - a +0 helmet (worn)
Jewellery
 g - an uncursed ring of positive energy
 r - a +4 ring of protection
 A - an uncursed ring of poison resistance
 F - an uncursed ring of fire
 J - a +6 ring of intelligence (left hand)
 S - an uncursed ring of stealth
 T - an amulet of the acrobat (around neck)
 U - a +6 ring of strength (right hand)
Wands
 d - a wand of enslavement (1)
 e - a wand of random effects (15)
 m - a wand of paralysis (14)
 n - a wand of digging (4)
 G - a wand of iceblast (29)
 I - a wand of flame (13)
 V - a wand of disintegration (10)
Scrolls
 l - 2 scrolls of remove curse
 s - 5 scrolls of fear
 t - 5 scrolls of enchant weapon
 w - a scroll of immolation {unknown}
 x - 9 scrolls of identify
 y - 2 scrolls of blinking {unknown}
 B - 4 scrolls of enchant armour {unknown}
 O - a scroll of magic mapping {unknown}
 Y - a scroll of brand weapon {unknown}
Potions
 a - 3 potions of attraction {unknown}
 f - 2 potions of brilliance
 j - 2 potions of invisibility
 k - 7 potions of curing
 o - 4 potions of heal wounds
 p - 3 potions of lignification
 q - 2 potions of berserk rage {unknown}
 u - a potion of cancellation {unknown}
 D - 9 potions of mutation
 H - a potion of magic {unknown}
 K - a potion of flight
 N - a potion of might
 X - a potion of haste {unknown}
 Z - a potion of resistance {unknown}
Books
 M - a manual of Crossbows
Miscellaneous
 b - a tin of tremorstones (2/2)


   Skills:
 + Level 8.4 Fighting
 + Level 11.7 Short Blades
 * Level 4.2 Maces & Flails
 + Level 8.3 Armour
 + Level 6.7 Dodging
 + Level 8.2 Stealth
 + Level 5.8 Evocations


You had 11 spell levels left.
You didn't know any spells.
Your spell library contained the following spells:

 Spells                   Type           Power        Failure   Level
 Animate Skeleton         Necr           0%           36%         1
 Apportation              Tloc           0%           36%         1
 Corona                   Hex            0%           36%         1
 Magic Dart               Conj           0%           36%         1
 Summon Small Mammal      Summ           0%           36%         1
 Blink                    Tloc           N/A          50%         2
 Call Imp                 Summ           0%           50%         2
 Slow                     Hex            0%           50%         2
 Confusing Touch          Hex            0%           73%         3
 Conjure Flame            Conj/Fire      0%           73%         3
 Gell's Gravitas          Tloc           0%           73%         3
 Inner Flame              Hex/Fire       0%           73%         3
 Mephitic Cloud           Conj/Pois/Air  0%           73%         3
 Portal Projectile        Hex/Tloc       0%           73%         3
 Cause Fear               Hex            0%           98%         4
 Leda's Liquefaction      Hex/Erth       0%           98%         4
 Petrify                  Tmut/Erth      0%           98%         4
 Metabolic Englaciation   Hex/Ice        0%           100%        5
 Yara's Violent Unravell  Hex/Tmut       0%           100%        5


Dungeon Overview and Level Annotations

Branches:
Dungeon (11/15)            Temple (1/1) D:4            Lair (3/6) D:10
 Spider (0/4) Lair:2          Orc (0/2) D:10
  Swamp: Lair:2-4    Shoals: Lair:2-4

Altars:
Ashenzari
Cheibriados
Dithmenos
Elyvilon
Fedhas
Gozag
Hepliaklqana
Kikubaaqudgha
Makhleb
Nemelex Xobeh
Okawaru
Qazlal
Ru
Sif Muna
Trog
Uskayaw
Vehumet
Wu Jian
Xom
Yredelemnul
Zin
The Shining One
Jiyva

Shops:
D:8 !   D:10 (

Annotations:
D:5 1 runed translucent door, exclusion: door
D:7 exclusions: ice beast and 1 more exclusion
D:8 Gastronok
D:11 Maurice
Lair:1 exclusion: downstairs
Lair:3 exclusion: oklob plant


Message History

The oklob plant spits acid at you. The splash of acid hits you!
The acid corrodes you!
You are splashed with acid!
You completely miss the oklob plant.
The oklob plant is lightly damaged.
You hit the oklob plant but do no damage.
The oklob plant is lightly damaged.
The oklob plant spits acid at you. The splash of acid hits you.
* * * LOW HITPOINT WARNING * * *
The acid corrodes you!
You are splashed with acid!
* * * LOW HITPOINT WARNING * * *
Okay, then.
Unknown command.
You fade into invisibility!
The oklob plant spits acid at you. The splash of acid hits you!
* * * LOW HITPOINT WARNING * * *
You are splashed with acid!
You die...
Your body crumbles into a pile of gold. ..### #.## #....(...#.#.##.. .## ##..# #...###.#..###### .# #..P# ##.### ###..# .######.## #...## #PPP#

...#.#...#
###..#.#
#.P..#
........##
#.....##
#P.....
.##.#####
##.....#
#####.##
.####
##...## ##
.# #@$$# #
## #P[)#
#$:.#
#####


You could see an oklob plant.

Vanquished Creatures
  2 hydras (Lair:2)
  2 two-headed ogres
  An oklob plant (Lair:3)
  Joseph (D:7)
  An elephant (Lair:2)
  A cyclops (D:11)
  A black mamba (Lair:3)
  5 cane toads
  2 komodo dragons
  2 kobold demonologists (D:11)
  2 orc warriors
  2 trolls
  12 blink frogs
  A hornet (D:11)
  20 yaks
  A wraith (D:10)
  A wyvern (Lair:3)
  2 basilisks
  7 water moccasins
  2 sky beasts
  2 black bears
  A phantom (D:10)
  A necrophage (D:10)
  An ogre (D:7)
  6 wolves (Lair:3)
  3 centaurs
  8 bullfrogs
  2 big kobolds
  A wyvern zombie (D:10)
  A scorpion (D:4)
  7 killer bees
  7 howler monkeys
  2 wights (D:11)
  A bullfrog zombie (D:11)
  5 hounds
  2 jellies
  4 orc priests
  3 centaur skeletons
  7 iguanas
  5 orc wizards
  6 worker ants
  A hound zombie (D:10)
  A worker ant zombie (D:5)
  5 gnolls
  A howler monkey skeleton (D:10)
  6 adders
  2 shadow imps (D:7)
  5 white imps
  An adder skeleton (D:4)
  2 worms (D:2)
  2 dart slugs
  4 leopard geckos
  32 orcs
  A ball python (D:2)
  4 giant cockroaches
  15 goblins
  7 hobgoblins
  8 jackals
  7 quokkas
  5 bats
  8 frilled lizards
  19 kobolds
  A quokka zombie (D:6)
  7 rats
287 creatures vanquished.

Vanquished Creatures (collateral kills)
  A black bear (D:7)
  An orc wizard (D:7)
  6 orcs
8 creatures vanquished.

Vanquished Creatures (others)
  2 elephants (Lair:2)
  An ogre (D:7)
  2 orcs
  A kobold (D:2)
  4 fungi
  14 plants
24 creatures vanquished.

Grand Total: 319 creatures vanquished

Notes
Turn   | Place    | Note
-------+----------+-------------------------------------------
     0 | D:1      | H0rd4k the Human Artificer began the quest for the Orb.
     0 | D:1      | Reached XP level 1. HP: 15/15 MP: 1/1
   390 | D:1      | Reached XP level 2. HP: 9/21 MP: 2/2
  1127 | D:1      | Reached XP level 3. HP: 23/26 MP: 3/3
  1780 | D:2      | Found a white marble altar of Elyvilon.
  2325 | D:2      | Reached XP level 4. HP: 32/32 MP: 4/4
  2978 | D:3      | Reached skill level 1 in Short Blades
  2978 | D:3      | Reached XP level 5. HP: 21/37 MP: 5/5
  3266 | D:3      | Found a glowing silver altar of Zin.
  3266 | D:3      | Found a burning altar of Makhleb.
  3267 | D:3      | Found a basalt altar of Yredelemnul.
  3817 | D:3      | Found a bloodstained altar of Trog.
  4357 | D:4      | Reached skill level 2 in Short Blades
  4357 | D:4      | Reached XP level 6. HP: 20/44 MP: 6/6
  4856 | D:4      | Got a shadowed robe
  4867 | D:4      | Identified the +0 robe of Compassion {*Drain Dex-4 SInv
                  | Stlth+} (You found it on level 4 of the Dungeon)
  4969 | D:4      | Found a staircase to the Ecumenical Temple.
  4978 | D:4      | Reached skill level 3 in Short Blades
  4987 | Temple   | Entered the Ecumenical Temple
  5531 | D:4      | Found a hazy altar of Hepliaklqana.
  5605 | D:5      | Entered Level 5 of the Dungeon
  5612 | D:5      | Found a snail-covered altar of Cheibriados.
  5683 | D:5      | Reached XP level 7. HP: 43/51 MP: 7/7
  5896 | D:5      | Got a pitted mace
  5902 | D:5      | Found a runed translucent door.
  5960 | D:5      | Found a snail-covered altar of Cheibriados.
  6076 | D:5      | Identified the +2 mace of Pidghanog {chaos, Stlth+} (You
                  | found it on level 5 of the Dungeon)
  6827 | D:6      | Found an iron altar of Okawaru.
  6859 | D:6      | Reached skill level 4 in Short Blades
  7014 | D:6      | Found a radiant altar of Vehumet.
  7547 | D:7      | Reached XP level 8. HP: 54/58 MP: 8/8
  7720 | D:7      | Found a shimmering blue altar of Sif Muna.
  8003 | D:7      | Reached skill level 5 in Short Blades
  8337 | D:7      | Killed an orc warrior
  8537 | D:7      | Reached skill level 6 in Short Blades
  8710 | D:7      | Noticed Joseph
  8829 | D:7      | Found an opulent altar of Gozag.
  8838 | D:7      | Killed Joseph
  8839 | D:7      | Reached skill level 5 in Stealth
  8839 | D:7      | Reached XP level 9. HP: 46/66 MP: 9/9
  8846 | D:7      | Became a worshipper of Gozag Ym Sagoz the Greedy
  9489 | D:8      | Found Masm's Distillery.
  9501 | D:8      | Bought 2 potions of invisibility for 160 gold pieces
  9677 | D:8      | Reached skill level 7 in Short Blades
  9812 | D:8      | Found a sparkling altar of Nemelex Xobeh.
  9815 | D:8      | Noticed a two-headed ogre
  9829 | D:8      | Killed a two-headed ogre
 10002 | D:8      | Noticed Gastronok
 10206 | D:8      | Reached XP level 10. HP: 36/73 MP: 10/10
 10663 | D:8      | Reached skill level 5 in Fighting
 11009 | D:9      | Reached skill level 8 in Short Blades
 11587 | D:9      | Found a glowing golden altar of the Shining One.
 11805 | D:9      | Got an ancient scale mail
 11816 | D:9      | Identified the +6 scale mail of Beyond {rN+ Will+ Dex+3
                  | Stlth-} (You found it on level 9 of the Dungeon)
 11867 | D:10     | Entered Level 10 of the Dungeon
 11879 | D:10     | Found a staircase to the Lair.
 12213 | D:10     | Found an ornate altar of the Wu Jian Council.
 12214 | D:10     | Found a staircase to the Orcish Mines.
 12452 | D:10     | Reached skill level 5 in Dodging
 13086 | D:11     | Reached skill level 5 in Evocations
 13172 | D:11     | Reached skill level 9 in Short Blades
 13547 | D:11     | Noticed a kobold demonologist
 13553 | D:11     | Noticed a kobold demonologist
 13554 | D:11     | Noticed a cyclops
 13604 | D:11     | Noticed Maurice
 13873 | D:11     | Noticed a two-headed ogre
 13904 | D:11     | Killed a two-headed ogre
 13905 | D:11     | Reached skill level 5 in Armour
 13905 | D:11     | Reached XP level 11. HP: 42/81 MP: 11/11
 14266 | D:11     | Reached skill level 10 in Short Blades
 14290 | D:11     | Killed a cyclops
 14565 | Lair:1   | Entered Level 1 of the Lair of Beasts
 16524 | Lair:2   | Noticed a five-headed hydra
 16998 | Lair:2   | Killed a five-headed hydra
 17122 | Lair:2   | Noticed an elephant
 17122 | Lair:2   | Noticed an elephant
 17122 | Lair:2   | Noticed an elephant
 17170 | Lair:2   | Reached skill level 11 in Short Blades
 17198 | Lair:2   | Reached XP level 12. HP: 58/91 MP: 12/12
 17241 | Lair:2   | Noticed an eight-headed hydra
 17248 | Lair:2   | Killed an eight-headed hydra
 17787 | Lair:2   | Found a hole to the Spider Nest.
 19383 | D:10     | Bought a +5 great sword of holy wrath for 619 gold pieces
 19733 | D:5      | Got a crystal mace
 19734 | D:5      | Identified the +12 mace of the Several Invaders {drain, rC-
                  | Will+ Int+3} (You found it on level 5 of the Dungeon)
 20648 | Lair:3   | Reached skill level 1 in Maces & Flails
 21766 | Lair:3   | Splashed by an oklob plant's acid

Illustrated notes

Levels and vault maps discovered:
D:1:      nzn_arrival_crosshair, layout_rooms, chequers_serial_rivers_micro_c,
          grunt_decor_cap, minmay_misc_feat_tiny, minmay_stone_trees_medium,
          hangedman_feature_mirror
D:2:      layout_loops_ring, elyvilon_altar_1
D:3:      layout_loops_ring, chequers_temple_overflow_statue_of_worship,
          trog_three_pillars_becter
D:4:      layout_gridville, nzn_hepliaklqana_mist_gate,
          minmay_temple_entry_proselytizer
D:5:      layout_cave_pools, nicolae_overflow_hidden_temple,
          minmay_misc_feat_nine_boxes, kennysheep_slug_shrine,
          uniq_crazy_yiuf_cottage
D:6:      layout_basic, lemuel_coloured_pillars_altar,
          okawaru_altar_gauntlet_db, serial_corexii_hall,
          chequers_hall_statues_wall_a, chequers_hall_statues_y
D:7:      layout_loops_corners, kennysheep_mini_moat, grunt_gozag_statues,
          minmay_manual_mail, uniq_joseph
D:8:      layout_loops_corners, lemuel_round_altar, serial_shops,
          nicolae_shop_statue_plus, uniq_gastronok
D:9:      layout_cave_pools, nicolae_tso_carved_into_rock
D:10:     layout_roguey, dpeg_oklobed_lair, basic_altar, small_statue_alley_a
D:11:     layout_roguey, uniq_maurice
Temple:   pf_slime_end_temple
Lair:1:   layout_big_grid
Lair:2:   layout_cave_pods, dummy_spider_entry, st_stairs_11, grunt_megastairs_1
Lair:3:   layout_loops_ring, grunt_megastairs_2, minmay_lair_oklob_chamber

Skill      XL: |  1  2  3  4  5  6  7  8  9 10 11 12 |
---------------+-------------------------------------+-----
Short Blades   | 1 2 3 4 6 7 9 11 | 11.7
Armour         | 3 5 7 8 |  8.3
Evocations     | 4 5 |  5.8
Fighting       | 2 3 4 6 7 8 |  8.4
Dodging        | 2 3 4 5 6 |  6.7
Stealth        | 3 5 6 7 8 |  8.2
Maces & Flails | 4 |  4.2

Action                   |  1- 3 |  4- 6 |  7- 9 | 10-12 || total
-------------------------+-------+-------+-------+-------++-------
Melee: Club              |    21 |       |       |       ||    21
       Dagger            |   144 |   274 |       |       ||   418
       Short sword       |       |    10 |   268 |   854 ||  1132
       Mace              |       |       |       |   127 ||   127
Invok: Call Merchant     |       |       |       |     1 ||     1
Evoke: Wand              |    11 |    12 |     9 |    29 ||    61
  Use: Scroll            |       |       |    14 |     2 ||    16
       Potion            |       |       |       |     3 ||     3
 Stab: Sleeping          |       |     2 |    11 |     5 ||    18
       Distracted        |       |     2 |     1 |     5 ||     8
       Paralysed         |       |       |     5 |     4 ||     9
Armor: Leather armour    |    54 |    56 |       |       ||   110
       Robe              |       |    17 |    63 |    10 ||    90
       Scale mail        |       |       |       |   229 ||   229
Dodge: Dodged            |   110 |   155 |   119 |   413 ||   797
